Canucks vs Sabres
Created - November 30, 2017 at 19:09
Goals
|
Canucks |
0 |
2 |
1 |
3 |
Sabres |
2 |
2 |
2 |
6 |
|
Shots
|
Canucks |
14 |
10 |
8 |
32 |
Sabres |
5 |
13 |
10 |
28 |
|
1st period
1. Sabres , Ilya Kovalchuk 15 (Vincent Lecavalier 13, Jared Cowen 5) at 6:50
2. Sabres , Matt Martin 1 (Ryan O'Reilly 7, Rob Scuderi 8) at 10:45
Penalties :
Lasse Kukkonen (Van) for Hooking (Minor) at 3:16, Lasse Kukkonen (Van) for Holding (Minor) at 8:02
2nd period
3. Canucks , Maxim Afinogenov 8 (Mike Ribeiro 16, Ben Lovejoy 11) at 7:53
4. Sabres , Evander Kane 9 (Kyle Okposo 4, Michael Kostka 4) at 8:05
5. Canucks , Jiri Hudler 5 (Jamie McBain 10, Lasse Kukkonen 5) at 17:20 (PP)
6. Sabres , Andrei Loktionov 6 (Evander Kane 9, Zach Bogosian 13) at 17:36
Penalties :
Ryan O'Reilly (Buf) for Tripping (Minor) at 2:24, Rob Scuderi (Buf) for Cross-checking (Minor) at 16:22
3rd period
7. Sabres , Evander Kane 10 (Kyle Okposo 5, Andrei Loktionov 12) at 4:20
8. Sabres , Scottie Upshall 2 (Michael Kostka 5) at 12:55
9. Canucks , Matt Stajan 6 (Jamie McBain 11, Clarke MacArthur 5) at 14:36
Penalties :
Ryan O'Reilly (Buf) for Slashing (Minor) at 4:47, Milan Michalek (Van) for Holding (Minor) at 6:32
Goalie Stats
Carey Price (Van), 10 saves from 14 shots - (0.714), L, 8-10-2, 37:36 minutes
Karri Ramo (Van), 12 saves from 14 shots - (0.857), 22:24 minutes
Robin Lehner (Buf), 29 saves from 32 shots - (0.906), W, 10-5-1, 60:00 minutes
Players Stats for Canucks
Player Name G A P +/- PIM S H SB GA TA FO MP PP MP PK MP
------------------------------------------------------------------------------------
Alex Goligoski 0 0 0 -4 0 3 1 2 0 1 0/0 27:05 2:56 3:00
Ben Lovejoy 0 1 1 -4 0 4 1 0 2 1 0/0 23:53 2:56 3:00
Cameron Schilling 0 0 0 0 0 0 0 0 0 0 0/0 3:22 0:00 0:05
Clarke MacArthur 0 1 1 1 0 0 0 0 2 0 0/0 20:10 1:52 2:20
Jamie McBain 0 2 2 0 0 0 0 1 0 0 0/0 21:30 1:46 2:38
Jiri Hudler 1 0 1 1 0 3 0 0 0 1 1/2 17:45 1:52 0:00
Lasse Kukkonen 0 1 1 0 4 0 0 0 1 2 0/0 20:01 1:46 0:52
Matt Stajan 1 0 1 1 0 6 2 0 1 1 8/16 21:04 1:52 3:05
Maxim Afinogenov 1 0 1 -4 0 2 3 2 0 0 2/4 18:09 2:50 0:00
Maxim Lapierre 0 0 0 -1 0 4 0 1 0 0 3/5 13:05 0:03 0:51
Mike Ribeiro 0 1 1 -4 0 3 1 0 0 0 17/31 25:47 2:47 2:30
Milan Michalek 0 0 0 -4 2 5 2 0 0 0 0/0 19:42 2:46 1:32
Nikolai Zherdev 0 0 0 0 0 0 0 0 0 0 0/0 5:36 0:00 0:00
Patrik Elias 0 0 0 0 0 2 0 0 0 0 0/0 5:36 0:00 0:00
Rene Bourque 0 0 0 -1 0 0 1 0 1 1 1/2 14:13 0:00 1:08
Ryan Hollweg 0 0 0 -1 0 0 1 0 0 0 0/0 12:31 0:03 0:00
Sami Lepisto 0 0 0 0 0 0 1 0 0 1 0/0 13:16 0:00 1:51
Tom Poti 0 0 0 0 0 0 1 1 1 0 0/0 11:15 0:00 0:00
Players Stats for Sabres
Player Name G A P +/- PIM S H SB GA TA FO MP PP MP PK MP
------------------------------------------------------------------------------------
Andrei Loktionov 1 1 2 3 0 1 2 0 1 0 6/14 18:48 2:54 1:40
Brad Richardson 0 0 0 -1 0 2 1 0 0 0 0/0 7:30 0:00 0:00
Brandon Sutter 0 0 0 -1 0 1 0 0 0 0 5/9 10:43 0:16 2:57
Darcy Hordichuk 0 0 0 -1 0 0 0 0 1 0 0/0 7:46 0:16 0:00
Evander Kane 2 1 3 3 0 4 1 0 1 1 0/1 17:21 2:38 0:36
Ilya Kovalchuk 1 0 1 0 0 2 2 2 2 0 0/0 20:08 2:49 1:11
Jakub Kindl 0 0 0 0 0 0 1 0 0 0 0/0 11:50 0:00 0:00
Jared Cowen 0 1 1 3 0 1 1 1 0 1 0/0 22:27 2:22 1:16
Jordan Leopold 0 0 0 0 0 0 1 0 0 1 0/0 12:48 0:00 0:58
Kyle Okposo 0 2 2 3 0 1 2 0 0 0 1/2 17:08 2:54 0:00
Matt Martin 1 0 1 2 0 1 1 1 1 0 0/0 14:45 0:00 2:55
Michael Kostka 0 2 2 3 0 0 4 1 0 2 0/0 22:27 2:22 1:16
Rob Scuderi 0 1 1 1 2 2 1 2 0 0 0/0 24:44 3:21 2:28
Ryan O'Reilly 0 1 1 2 4 1 0 1 0 1 7/10 12:06 0:17 0:00
Scottie Upshall 1 0 1 2 0 3 1 0 0 0 0/0 11:50 0:00 0:00
Vincent Lecavalier 0 1 1 0 0 3 2 0 0 0 7/22 18:39 2:33 0:05
Zach Bogosian 0 1 1 1 0 2 2 1 1 1 0/0 25:43 3:21 3:26
Zack Kassian 0 0 0 0 0 4 3 0 1 1 2/2 18:18 2:32 0:00
3 Stars
1 - Evander Kane (Buf)
2 - Andrei Loktionov (Buf)
3 - Michael Kostka (Buf)
Power Play
Canucks - 1 on 3 Attempt(s) - 33.33%
Sabres - 0 on 3 Attempt(s) - 0.00%
Penalty Kill
Canucks - 3 on 3 Attempt(s) - 100.00%
- Score 0 goal in Penalty Kill
Sabres - 2 on 3 Attempt(s) - 66.67%
- Score 0 goal in Penalty Kill
Team Stat
Canucks - Hits : 14 - Faceoff Wins : 32 - Blocked Shots : 7 - Penalty Minutes : 6
Sabres - Hits : 25 - Faceoff Wins : 28 - Blocked Shots : 9 - Penalty Minutes : 6
Official
Referees : Martell Rob and Hebert Ghislain
Linesman : Mark Shewchyk and Michel Cormier
Game Notes
Karri Ramo enters game at 17:36 of 2nd period
Finance
Level 1 -- Attendance: 5755 (95.92%) -- Ticket Income $512,195
Level 2 -- Attendance: 4583 (91.66%) -- Ticket Income $238,316
Level 3 -- Attendance: 2000 (100.00%) -- Ticket Income $66,000
Level 4 -- Attendance: 4000 (100.00%) -- Ticket Income $104,000
Luxury Box -- Attendance: 1000 (100.00%) -- Ticket Income $160,000
Game was played at the Duff Garden.
Total Attendance: 17338 (96.32%)
Total Ticket Income: $1,080,511
Other Income: $162,077
Total Income: $1,242,588
Canucks
5 vs 5 Forward
Center Left Wing Right Wing Time % Phy DF OF
1 Mike Ribeiro Milan Michalek Maxim Afinogenov 40 1 2 2
2 Matt Stajan Clarke MacArthur Jiri Hudler 30 1 2 2
3 Maxim Lapierre Ryan Hollweg Rene Bourque 20 1 2 2
4 Mike Ribeiro Patrik Elias Nikolai Zherdev 10 1 2 2
5 vs 5 Defense
Defense Defense Time % Phy DF OF
1 Alex Goligoski Ben Lovejoy 40 1 2 2
2 Lasse Kukkonen Jamie McBain 30 1 2 2
3 Tom Poti Sami Lepisto 20 1 2 2
4 Cameron Schilling Alex Goligoski 10 1 2 2
PowerPlay Forward
Center Left Wing Right Wing Time % Phy DF OF
1 Mike Ribeiro Milan Michalek Maxim Afinogenov 60 1 2 2
2 Matt Stajan Clarke MacArthur Jiri Hudler 40 1 2 2
PowerPlay Defense
Defense Defense Time % Phy DF OF
1 Alex Goligoski Ben Lovejoy 60 1 2 2
2 Lasse Kukkonen Jamie McBain 40 1 2 2
Penalty Kill 4 Players Forward
Center Wing Time % Phy DF OF
1 Mike Ribeiro Matt Stajan 60 1 2 2
2 Milan Michalek Clarke MacArthur 40 1 2 2
Penalty Kill 4 Players Defense
Defense Defense Time % Phy DF OF
1 Alex Goligoski Ben Lovejoy 60 1 2 2
2 Lasse Kukkonen Jamie McBain 40 1 2 2
Penalty Kill - 3 Players Forward
Forward Time % Phy DF OF
1 Mike Ribeiro 60 1 2 2
2 Matt Stajan 40 1 2 2
Penalty Kill - 3 Players Defense
Defense Defense Time % Phy DF OF
1 Alex Goligoski Ben Lovejoy 60 1 2 2
2 Lasse Kukkonen Jamie McBain 40 1 2 2
4 vs 4 Forward
Center Wing Time % Phy DF OF
1 Mike Ribeiro Matt Stajan 60 1 2 2
2 Milan Michalek Clarke MacArthur 40 1 2 2
4 vs 4 Defense
Defense Defense Time % Phy DF OF
1 Alex Goligoski Ben Lovejoy 60 1 2 2
2 Lasse Kukkonen Jamie McBain 40 1 2 2
Last Minutes Offensive
Center Left Wing Right Wing Defense Defense
Mike Ribeiro Milan Michalek Maxim Afinogenov Alex Goligoski Ben Lovejoy
Last Minutes Defensive
Center Left Wing Right Wing Defense Defense
Mike Ribeiro Milan Michalek Maxim Afinogenov Alex Goligoski Ben Lovejoy
Goaltenders
Starting : Carey Price
Backup : Karri Ramo
Extra Forwards
Normal : Maxim Lapierre, Ryan Hollweg, Rene Bourque - PP : Maxim Lapierre, Ryan Hollweg - PK : Rene Bourque
Extra Defensemen
Normal : Tom Poti, Sami Lepisto, Cameron Schilling - PP : Tom Poti - PK : Sami Lepisto, Cameron Schilling
Penalty Shots
Mike Ribeiro, Matt Stajan, Milan Michalek, Clarke MacArthur, Maxim Afinogenov
Scratches
Nik Antropov (Healthy)
Sabres
5 vs 5 Forward
Center Left Wing Right Wing Time % Phy DF OF
1 Vincent Lecavalier Ilya Kovalchuk Zack Kassian 34 0 2 3
2 Andrei Loktionov Evander Kane Kyle Okposo 31 0 2 3
3 Ryan O'Reilly Matt Martin Scottie Upshall 27 0 2 3
4 Brandon Sutter Darcy Hordichuk Brad Richardson 8 0 2 3
5 vs 5 Defense
Defense Defense Time % Phy DF OF
1 Zach Bogosian Rob Scuderi 39 0 2 3
2 Michael Kostka Jared Cowen 37 0 3 2
3 Jakub Kindl Jordan Leopold 24 1 3 1
4 Michael Kostka Jared Cowen 0 0 3 2
PowerPlay Forward
Center Left Wing Right Wing Time % Phy DF OF
1 Andrei Loktionov Ilya Kovalchuk Kyle Okposo 60 0 1 4
2 Vincent Lecavalier Evander Kane Zack Kassian 40 0 1 4
PowerPlay Defense
Defense Defense Time % Phy DF OF
1 Zach Bogosian Rob Scuderi 60 1 1 3
2 Michael Kostka Jared Cowen 40 1 1 3
Penalty Kill 4 Players Forward
Center Wing Time % Phy DF OF
1 Brandon Sutter Matt Martin 60 1 3 1
2 Ryan O'Reilly Ilya Kovalchuk 40 1 3 1
Penalty Kill 4 Players Defense
Defense Defense Time % Phy DF OF
1 Zach Bogosian Rob Scuderi 60 1 4 0
2 Michael Kostka Jared Cowen 40 1 4 0
Penalty Kill - 3 Players Forward
Forward Time % Phy DF OF
1 Brandon Sutter 60 1 4 0
2 Ryan O'Reilly 40 1 4 0
Penalty Kill - 3 Players Defense
Defense Defense Time % Phy DF OF
1 Zach Bogosian Rob Scuderi 60 1 4 0
2 Michael Kostka Jared Cowen 40 1 4 0
4 vs 4 Forward
Center Wing Time % Phy DF OF
1 Vincent Lecavalier Ilya Kovalchuk 60 1 2 2
2 Ryan O'Reilly Kyle Okposo 40 1 2 2
4 vs 4 Defense
Defense Defense Time % Phy DF OF
1 Zach Bogosian Rob Scuderi 60 1 2 2
2 Michael Kostka Jared Cowen 40 1 2 2
Last Minutes Offensive
Center Left Wing Right Wing Defense Defense
Vincent Lecavalier Ilya Kovalchuk Kyle Okposo Zach Bogosian Michael Kostka
Last Minutes Defensive
Center Left Wing Right Wing Defense Defense
Vincent Lecavalier Ilya Kovalchuk Zack Kassian Zach Bogosian Jared Cowen
Goaltenders
Starting : Robin Lehner
Backup : Jonas Hiller
Extra Forwards
Normal : Ilya Kovalchuk, Kyle Okposo, Vincent Lecavalier - PP : Kyle Okposo, Vincent Lecavalier - PK : Matt Martin
Extra Defensemen
Normal : Jakub Kindl, Jordan Leopold, Michael Kostka - PP : Jakub Kindl - PK : Jordan Leopold, Michael Kostka
Penalty Shots
Vincent Lecavalier, Ilya Kovalchuk, Evander Kane, Scottie Upshall, Kyle Okposo
Scratches
Michael Haley (Healthy)
% Time on Ice - Canucks
Lines # - Real PCT - Wanted PCT - Time Play
Normal Forward
1 - 32% - 40% - 15:48
2 - 32% - 30% - 15:53
3 - 24% - 20% - 12:04
4 - 11% - 10% - 5:36
Normal Defense
1 - 37% - 40% - 18:02
2 - 34% - 30% - 16:52
3 - 23% - 20% - 11:15
4 - 6% - 10% - 3:12
PP Forward
1 - 60% - 60% - 2:50
2 - 40% - 40% - 1:52
PP Defense
1 - 62% - 60% - 2:56
2 - 38% - 40% - 1:46
PK Forward
1 - 66% - 60% - 3:45
2 - 34% - 40% - 1:58
PK Defense
1 - 54% - 60% - 3:05
2 - 46% - 40% - 2:38
PK3 Forward
1 - 0% - 60%
2 - 0% - 40%
PK3 Defense
1 - 0% - 60%
2 - 0% - 40%
44 Forward
1 - 100% - 60% - 0:14
2 - 0% - 40% - 0:00
44 Defense
1 - 0% - 60% - 0:00
2 - 100% - 40% - 0:14
Last Minute Offensive - 0:00
Last Minute Defensive - 0:00
Total
Forward - 60:00
Defense - 60:00
|
% Time on Ice - Sabres
Lines # - Real PCT - Wanted PCT - Time Play
Normal Forward
1 - 32% - 34% - 15:53
2 - 29% - 31% - 14:08
3 - 24% - 27% - 11:50
4 - 15% - 8% - 7:30
Normal Defense
1 - 38% - 39% - 18:56
2 - 38% - 37% - 18:35
3 - 24% - 24% - 11:50
4 - 0% - 0% - 0:00
PP Forward
1 - 56% - 60% - 3:11
2 - 44% - 40% - 2:32
PP Defense
1 - 59% - 60% - 3:21
2 - 41% - 40% - 2:22
PK Forward
1 - 75% - 60% - 3:31
2 - 25% - 40% - 1:11
PK Defense
1 - 73% - 60% - 3:26
2 - 27% - 40% - 1:16
PK3 Forward
1 - 0% - 60%
2 - 0% - 40%
PK3 Defense
1 - 0% - 60%
2 - 0% - 40%
44 Forward
1 - 100% - 60% - 0:14
2 - 0% - 40% - 0:00
44 Defense
1 - 0% - 60% - 0:00
2 - 100% - 40% - 0:14
Last Minute Offensive - 0:00
Last Minute Defensive - 0:00
Total
Forward - 60:00
Defense - 60:00
|
Play by Play
1st period
0:01 of 1st period - Mike Ribeiro wins face-off versus Vincent Lecavalier in neutral zone.
0:11 of 1st period - Wrist shot by Mike Ribeiro.
0:11 of 1st period - Stopped by Robin Lehner with a rebound.
0:32 of 1st period - Snap shot by Clarke MacArthur.
0:32 of 1st period - Shot Misses the Net.
0:40 of 1st period - Lasse Kukkonen is hit by Zach Bogosian and loses puck.
0:51 of 1st period - Michael Kostka is hit by Rene Bourque and loses puck.
0:58 of 1st period - Snap shot by Jared Cowen.
0:58 of 1st period - Shot Misses the Net.
1:12 of 1st period - Wrist shot by Darcy Hordichuk.
1:12 of 1st period - Shot Misses the Net.
2:25 of 1st period - Alex Goligoski is hit by Michael Kostka and loses puck.
3:04 of 1st period - Snap shot by Andrei Loktionov.
3:04 of 1st period - Shot Blocked by Alex Goligoski.
3:08 of 1st period - Wrist shot by Evander Kane.
3:08 of 1st period - Stopped by Carey Price without a rebound.
3:09 of 1st period - Vincent Lecavalier wins face-off versus Matt Stajan in Canucks zone.
3:14 of 1st period - Snap shot by Zack Kassian.
3:14 of 1st period - Shot Misses the Net.
3:16 of 1st period - Minor Penalty to Lasse Kukkonen for Hooking.
3:17 of 1st period - Kyle Okposo wins face-off versus Mike Ribeiro in Canucks zone.
4:01 of 1st period - Jamie McBain is hit by Vincent Lecavalier and loses puck.
4:06 of 1st period - Wrist shot by Zack Kassian.
4:06 of 1st period - Deflect By Jamie McBain.
4:06 of 1st period - Shot Misses the Net.
4:06 of 1st period - Puck is out of play.
4:07 of 1st period - Mike Ribeiro wins face-off versus Andrei Loktionov in Canucks zone.
4:48 of 1st period - Sami Lepisto is hit by Zack Kassian and loses puck.
5:07 of 1st period - Zach Bogosian is hit by Sami Lepisto and loses puck.
5:16 of 1st period - Penalty to Lasse Kukkonen is over, Lasse Kukkonen is back on ice.
5:34 of 1st period - Snap shot by Mike Ribeiro.
5:34 of 1st period - Stopped by Robin Lehner without a rebound.
5:35 of 1st period - Brandon Sutter wins face-off versus Matt Stajan in Sabres zone.
5:56 of 1st period - Jordan Leopold is hit by Tom Poti.
6:16 of 1st period - Wrist shot by Zack Kassian.
6:16 of 1st period - Stopped by Carey Price without a rebound.
6:17 of 1st period - Mike Ribeiro wins face-off versus Vincent Lecavalier in Canucks zone.
6:24 of 1st period - Wrist shot by Jamie McBain.
6:24 of 1st period - Shot Misses the Net.
6:40 of 1st period - Backhand shot by Mike Ribeiro.
6:40 of 1st period - Shot Blocked by Jared Cowen.
6:50 of 1st period - Wrist shot by Ilya Kovalchuk.
6:50 of 1st period - Goal by Ilya Kovalchuk - Canucks : 0 - Sabres : 1.
6:51 of 1st period - Matt Stajan wins face-off versus Evander Kane in neutral zone.
7:22 of 1st period - Backhand shot by Maxim Afinogenov.
7:22 of 1st period - Stopped by Robin Lehner without a rebound.
7:23 of 1st period - Ryan O'Reilly wins face-off versus Mike Ribeiro in Sabres zone.
8:02 of 1st period - Minor Penalty to Lasse Kukkonen for Holding.
8:03 of 1st period - Mike Ribeiro wins face-off versus Andrei Loktionov in Canucks zone.
8:40 of 1st period - Clarke MacArthur is hit by Zack Kassian and loses puck.
9:37 of 1st period - Matt Stajan is hit by Ilya Kovalchuk and loses puck.
10:02 of 1st period - Penalty to Lasse Kukkonen is over, Lasse Kukkonen is back on ice.
10:12 of 1st period - Wrist shot by Maxim Lapierre.
10:12 of 1st period - Shot Blocked by Rob Scuderi.
10:15 of 1st period - Icing by Zach Bogosian.
10:16 of 1st period - Ryan O'Reilly wins face-off versus Maxim Lapierre in Sabres zone.
10:33 of 1st period - Snap shot by Ryan O'Reilly.
10:33 of 1st period - Shot Misses the Net.
10:35 of 1st period - Slapshot by Zach Bogosian.
10:35 of 1st period - Shot Misses the Net.
10:37 of 1st period - Slapshot by Zach Bogosian.
10:37 of 1st period - Deflect By Tom Poti.
10:37 of 1st period - Stopped by Carey Price with a rebound.
10:39 of 1st period - Slapshot by Zach Bogosian.
10:39 of 1st period - Shot Blocked by Tom Poti.
10:45 of 1st period - Snap shot by Ryan O'Reilly.
10:45 of 1st period - Deflect By Matt Martin.
10:45 of 1st period - Goal by Matt Martin - Canucks : 0 - Sabres : 2.
10:46 of 1st period - Mike Ribeiro wins face-off versus Vincent Lecavalier in neutral zone.
11:11 of 1st period - Ben Lovejoy is hit by Andrei Loktionov and loses puck.
12:32 of 1st period - Ben Lovejoy is hit by Kyle Okposo and loses puck.
12:39 of 1st period - Snap shot by Kyle Okposo.
12:39 of 1st period - Shot Misses the Net.
12:41 of 1st period - Snap shot by Evander Kane.
12:41 of 1st period - Shot Blocked by Alex Goligoski.
12:53 of 1st period - Nikolai Zherdev is hit by Scottie Upshall and loses puck.
13:21 of 1st period - Matt Stajan is hit by Matt Martin and loses puck.
14:10 of 1st period - Snap shot by Maxim Lapierre.
14:10 of 1st period - Stopped by Robin Lehner without a rebound.
14:11 of 1st period - Matt Stajan wins face-off versus Vincent Lecavalier in Sabres zone.
14:16 of 1st period - Snap shot by Clarke MacArthur.
14:16 of 1st period - Shot Blocked by Ilya Kovalchuk.
14:18 of 1st period - Snap shot by Jiri Hudler.
14:18 of 1st period - Stopped by Robin Lehner with a rebound.
14:20 of 1st period - Snap shot by Matt Stajan.
14:20 of 1st period - Deflect By Jiri Hudler.
14:20 of 1st period - Stopped by Robin Lehner without a rebound.
14:21 of 1st period - Matt Stajan wins face-off versus Vincent Lecavalier in Sabres zone.
14:39 of 1st period - Slapshot by Clarke MacArthur.
14:39 of 1st period - Shot Misses the Net.
14:41 of 1st period - Snap shot by Ben Lovejoy.
14:41 of 1st period - Stopped by Robin Lehner without a rebound.
14:42 of 1st period - Mike Ribeiro wins face-off versus Kyle Okposo in Sabres zone.
14:43 of 1st period - Slapshot by Alex Goligoski.
14:43 of 1st period - Shot Misses the Net.
14:45 of 1st period - Slapshot by Ben Lovejoy.
14:45 of 1st period - Shot Blocked by Zach Bogosian.
14:47 of 1st period - Slapshot by Ben Lovejoy.
14:47 of 1st period - Shot Blocked by Rob Scuderi.
15:38 of 1st period - Lasse Kukkonen is hit by Rob Scuderi and loses puck.
16:43 of 1st period - Maxim Lapierre is hit by Andrei Loktionov and loses puck.
16:58 of 1st period - Slapshot by Alex Goligoski.
16:58 of 1st period - Shot Misses the Net.
17:00 of 1st period - Backhand shot by Matt Stajan.
17:00 of 1st period - Stopped by Robin Lehner without a rebound.
17:01 of 1st period - Ryan O'Reilly wins face-off versus Matt Stajan in Sabres zone.
17:18 of 1st period - Wrist shot by Clarke MacArthur.
17:18 of 1st period - Shot Misses the Net.
17:28 of 1st period - Jamie McBain is hit by Jared Cowen and loses puck.
18:27 of 1st period - Slapshot by Milan Michalek.
18:27 of 1st period - Stopped by Robin Lehner with a rebound.
18:29 of 1st period - Snap shot by Milan Michalek.
18:29 of 1st period - Stopped by Robin Lehner with a rebound.
18:31 of 1st period - Wrist shot by Mike Ribeiro.
18:31 of 1st period - Stopped by Robin Lehner with a rebound.
18:33 of 1st period - Snap shot by Milan Michalek.
18:33 of 1st period - Shot Misses the Net.
18:35 of 1st period - Slapshot by Lasse Kukkonen.
18:35 of 1st period - Shot Misses the Net.
18:47 of 1st period - Backhand shot by Maxim Afinogenov.
18:47 of 1st period - Deflect By Milan Michalek.
18:47 of 1st period - Shot Misses the Net.
18:47 of 1st period - Puck is out of play.
18:48 of 1st period - Matt Stajan wins face-off versus Vincent Lecavalier in Sabres zone.
18:49 of 1st period - Slapshot by Clarke MacArthur.
18:49 of 1st period - Deflect By Matt Stajan.
18:49 of 1st period - Stopped by Robin Lehner without a rebound.
18:50 of 1st period - Matt Stajan wins face-off versus Vincent Lecavalier in Sabres zone.
18:59 of 1st period - Snap shot by Matt Stajan.
18:59 of 1st period - Shot Misses the Net.
19:19 of 1st period - Snap shot by Maxim Lapierre.
19:19 of 1st period - Stopped by Robin Lehner with a rebound.
19:21 of 1st period - Snap shot by Rene Bourque.
19:21 of 1st period - Shot Misses the Net.
19:23 of 1st period - Wrist shot by Rene Bourque.
19:23 of 1st period - Shot Misses the Net.
19:25 of 1st period - Slapshot by Alex Goligoski.
19:25 of 1st period - Stopped by Robin Lehner without a rebound.
19:26 of 1st period - Andrei Loktionov wins face-off versus Matt Stajan in Sabres zone.
Goals for this period are 0 for Canucks vs 2 for Sabres.
Shots for this period are 14 for Canucks vs 5 for Sabres.
2nd period
0:01 of 2nd period - Mike Ribeiro wins face-off versus Vincent Lecavalier in neutral zone.
0:04 of 2nd period - Wrist shot by Alex Goligoski.
0:04 of 2nd period - Deflect By Milan Michalek.
0:04 of 2nd period - Shot Misses the Net.
0:04 of 2nd period - Puck is out of play.
0:05 of 2nd period - Vincent Lecavalier wins face-off versus Mike Ribeiro in Sabres zone.
0:16 of 2nd period - Wrist shot by Mike Ribeiro.
0:16 of 2nd period - Shot Blocked by Ilya Kovalchuk.
0:18 of 2nd period - Snap shot by Milan Michalek.
0:18 of 2nd period - Shot Misses the Net.
0:32 of 2nd period - Wrist shot by Jared Cowen.
0:32 of 2nd period - Deflect By Alex Goligoski.
0:32 of 2nd period - Stopped by Carey Price without a rebound.
0:33 of 2nd period - Andrei Loktionov wins face-off versus Matt Stajan in Canucks zone.
1:26 of 2nd period - Wrist shot by Rene Bourque.
1:26 of 2nd period - Shot Blocked by Ryan O'Reilly.
1:28 of 2nd period - Slapshot by Ben Lovejoy.
1:28 of 2nd period - Stopped by Robin Lehner with a rebound.
1:30 of 2nd period - Wrist shot by Alex Goligoski.
1:30 of 2nd period - Stopped by Robin Lehner without a rebound.
1:31 of 2nd period - Mike Ribeiro wins face-off versus Andrei Loktionov in Sabres zone.
1:44 of 2nd period - Snap shot by Maxim Afinogenov.
1:44 of 2nd period - Shot Blocked by Michael Kostka.
2:24 of 2nd period - Minor Penalty to Ryan O'Reilly for Tripping.
2:25 of 2nd period - Maxim Afinogenov wins face-off versus Brandon Sutter in Sabres zone.
2:25 of 2nd period - Snap shot by Milan Michalek.
2:25 of 2nd period - Deflect By Brandon Sutter.
2:25 of 2nd period - Shot Misses the Net.
2:25 of 2nd period - Puck is out of play.
2:26 of 2nd period - Brandon Sutter wins face-off versus Maxim Afinogenov in Sabres zone.
4:24 of 2nd period - Penalty to Ryan O'Reilly is over, Ryan O'Reilly is back on ice.
4:33 of 2nd period - Jordan Leopold is hit by Ben Lovejoy and loses puck.
5:05 of 2nd period - Wrist shot by Scottie Upshall.
5:05 of 2nd period - Deflect By Rene Bourque.
5:05 of 2nd period - Stopped by Carey Price without a rebound.
5:06 of 2nd period - Rene Bourque wins face-off versus Ryan O'Reilly in Canucks zone.
5:43 of 2nd period - Brandon Sutter is hit by Matt Stajan and loses puck.
5:54 of 2nd period - Vincent Lecavalier is hit by Maxim Afinogenov and loses puck.
6:37 of 2nd period - Off-side.
6:38 of 2nd period - Ryan O'Reilly wins face-off versus Mike Ribeiro in neutral zone.
7:26 of 2nd period - Snap shot by Ilya Kovalchuk.
7:26 of 2nd period - Deflect By Vincent Lecavalier.
7:26 of 2nd period - Stopped by Carey Price with a rebound.
7:28 of 2nd period - Snap shot by Zack Kassian.
7:28 of 2nd period - Stopped by Carey Price with a rebound.
7:42 of 2nd period - Brandon Sutter is hit by Mike Ribeiro and loses puck.
7:53 of 2nd period - Wrist shot by Maxim Afinogenov.
7:53 of 2nd period - Goal by Maxim Afinogenov - Canucks : 1 - Sabres : 2.
7:54 of 2nd period - Andrei Loktionov wins face-off versus Mike Ribeiro in neutral zone.
8:01 of 2nd period - Wrist shot by Evander Kane.
8:01 of 2nd period - Shot Misses the Net.
8:03 of 2nd period - Slapshot by Kyle Okposo.
8:03 of 2nd period - Deflect By Alex Goligoski.
8:03 of 2nd period - Stopped by Carey Price with a rebound.
8:05 of 2nd period - Wrist shot by Evander Kane.
8:05 of 2nd period - Goal by Evander Kane - Canucks : 1 - Sabres : 3.
8:06 of 2nd period - Vincent Lecavalier wins face-off versus Mike Ribeiro in neutral zone.
9:39 of 2nd period - Matt Stajan is hit by Michael Kostka.
11:10 of 2nd period - Evander Kane is hit by Maxim Afinogenov and loses puck.
11:26 of 2nd period - Icing by Maxim Lapierre.
11:27 of 2nd period - Vincent Lecavalier wins face-off versus Jiri Hudler in Canucks zone.
11:51 of 2nd period - Off-side.
11:52 of 2nd period - Mike Ribeiro wins face-off versus Andrei Loktionov in neutral zone.
13:08 of 2nd period - Wrist shot by Milan Michalek.
13:08 of 2nd period - Stopped by Robin Lehner with a rebound.
13:10 of 2nd period - Wrist shot by Milan Michalek.
13:10 of 2nd period - Stopped by Robin Lehner with a rebound.
13:12 of 2nd period - Slapshot by Ben Lovejoy.
13:12 of 2nd period - Stopped by Robin Lehner with a rebound.
14:00 of 2nd period - Snap shot by Ilya Kovalchuk.
14:00 of 2nd period - Deflect By Zack Kassian.
14:00 of 2nd period - Stopped by Carey Price without a rebound.
14:01 of 2nd period - Vincent Lecavalier wins face-off versus Matt Stajan in Canucks zone.
14:28 of 2nd period - Tom Poti is hit by Michael Kostka and loses puck.
14:47 of 2nd period - Rene Bourque is hit by Jakub Kindl.
15:05 of 2nd period - Snap shot by Ryan O'Reilly.
15:05 of 2nd period - Shot Blocked by Jamie McBain.
15:07 of 2nd period - Wrist shot by Ryan O'Reilly.
15:07 of 2nd period - Stopped by Carey Price with a rebound.
15:49 of 2nd period - Wrist shot by Maxim Lapierre.
15:49 of 2nd period - Stopped by Robin Lehner with a rebound.
15:51 of 2nd period - Slapshot by Ben Lovejoy.
15:51 of 2nd period - Shot Misses the Net.
16:02 of 2nd period - Off-side.
16:03 of 2nd period - Ryan O'Reilly wins face-off versus Mike Ribeiro in neutral zone.
16:11 of 2nd period - Off-side.
16:12 of 2nd period - Matt Stajan wins face-off versus Vincent Lecavalier in neutral zone.
16:22 of 2nd period - Minor Penalty to Rob Scuderi for Cross-checking.
16:23 of 2nd period - Brandon Sutter wins face-off versus Mike Ribeiro in Sabres zone.
16:35 of 2nd period - Slapshot by Alex Goligoski.
16:35 of 2nd period - Deflect By Mike Ribeiro.
16:35 of 2nd period - Shot Misses the Net.
16:35 of 2nd period - Puck is out of play.
16:36 of 2nd period - Brandon Sutter wins face-off versus Mike Ribeiro in Sabres zone.
16:42 of 2nd period - Slapshot by Matt Martin.
16:42 of 2nd period - Shot Blocked by Maxim Afinogenov.
16:54 of 2nd period - Zach Bogosian is hit by Maxim Afinogenov and loses puck.
17:06 of 2nd period - Off-side.
17:07 of 2nd period - Brandon Sutter wins face-off versus Matt Stajan in neutral zone.
17:16 of 2nd period - Wrist shot by Jamie McBain.
17:16 of 2nd period - Shot Misses the Net.
17:18 of 2nd period - Slapshot by Jamie McBain.
17:18 of 2nd period - Shot Blocked by Matt Martin.
17:20 of 2nd period - Wrist shot by Jiri Hudler.
17:20 of 2nd period - Goal by Jiri Hudler - Canucks : 2 - Sabres : 3.
17:21 of 2nd period - Andrei Loktionov wins face-off versus Mike Ribeiro in neutral zone.
17:36 of 2nd period - Slapshot by Andrei Loktionov.
17:36 of 2nd period - Goal by Andrei Loktionov - Canucks : 2 - Sabres : 4.
17:36 of 2nd period - Karri Ramo enters game.
17:37 of 2nd period - Zack Kassian wins face-off versus Maxim Afinogenov in neutral zone.
17:40 of 2nd period - Wrist shot by Zach Bogosian.
17:40 of 2nd period - Stopped by Karri Ramo with a rebound.
17:42 of 2nd period - Wrist shot by Rob Scuderi.
17:42 of 2nd period - Stopped by Karri Ramo with a rebound.
17:46 of 2nd period - Wrist shot by Zack Kassian.
17:46 of 2nd period - Shot Blocked by Maxim Afinogenov.
17:48 of 2nd period - Snap shot by Zack Kassian.
17:48 of 2nd period - Stopped by Karri Ramo without a rebound.
17:49 of 2nd period - Mike Ribeiro wins face-off versus Andrei Loktionov in Canucks zone.
19:06 of 2nd period - Snap shot by Patrik Elias.
19:06 of 2nd period - Stopped by Robin Lehner with a rebound.
19:14 of 2nd period - Jamie McBain is hit by Brad Richardson and loses puck.
19:33 of 2nd period - Slapshot by Matt Stajan.
19:33 of 2nd period - Stopped by Robin Lehner with a rebound.
19:37 of 2nd period - Wrist shot by Matt Stajan.
19:37 of 2nd period - Shot Misses the Net.
19:46 of 2nd period - Off-side.
19:47 of 2nd period - Mike Ribeiro wins face-off versus Vincent Lecavalier in neutral zone.
19:56 of 2nd period - Wrist shot by Ilya Kovalchuk.
19:56 of 2nd period - Stopped by Karri Ramo without a rebound.
19:57 of 2nd period - Jiri Hudler wins face-off versus Vincent Lecavalier in Canucks zone.
Goals for this period are 2 for Canucks vs 2 for Sabres.
Shots for this period are 10 for Canucks vs 13 for Sabres.
3rd period
0:01 of 3rd period - Vincent Lecavalier wins face-off versus Mike Ribeiro in neutral zone.
0:34 of 3rd period - Wrist shot by Vincent Lecavalier.
0:34 of 3rd period - Shot Misses the Net.
0:36 of 3rd period - Slapshot by Rob Scuderi.
0:36 of 3rd period - Stopped by Karri Ramo with a rebound.
0:38 of 3rd period - Wrist shot by Rob Scuderi.
0:38 of 3rd period - Shot Blocked by Maxim Lapierre.
0:40 of 3rd period - Snap shot by Vincent Lecavalier.
0:40 of 3rd period - Stopped by Karri Ramo with a rebound.
0:46 of 3rd period - Wrist shot by Vincent Lecavalier.
0:46 of 3rd period - Stopped by Karri Ramo without a rebound.
0:47 of 3rd period - Ryan O'Reilly wins face-off versus Mike Ribeiro in Canucks zone.
1:19 of 3rd period - Backhand shot by Matt Stajan.
1:19 of 3rd period - Stopped by Robin Lehner with a rebound.
1:42 of 3rd period - Off-side.
1:43 of 3rd period - Mike Ribeiro wins face-off versus Ryan O'Reilly in neutral zone.
2:08 of 3rd period - Matt Stajan is hit by Evander Kane and loses puck.
2:37 of 3rd period - Rene Bourque is hit by Zack Kassian and loses puck.
2:58 of 3rd period - Slapshot by Alex Goligoski.
2:58 of 3rd period - Stopped by Robin Lehner with a rebound.
3:13 of 3rd period - Milan Michalek is hit by Jordan Leopold and loses puck.
3:30 of 3rd period - Snap shot by Evander Kane.
3:30 of 3rd period - Stopped by Karri Ramo without a rebound.
3:31 of 3rd period - Matt Stajan wins face-off versus Andrei Loktionov in Canucks zone.
3:46 of 3rd period - Tom Poti is hit by Michael Kostka and loses puck.
4:02 of 3rd period - Icing by Michael Kostka.
4:03 of 3rd period - Andrei Loktionov wins face-off versus Mike Ribeiro in Sabres zone.
4:20 of 3rd period - Snap shot by Evander Kane.
4:20 of 3rd period - Goal by Evander Kane - Canucks : 2 - Sabres : 5.
4:21 of 3rd period - Maxim Afinogenov wins face-off versus Vincent Lecavalier in neutral zone.
4:47 of 3rd period - Minor Penalty to Ryan O'Reilly for Slashing.
4:48 of 3rd period - Mike Ribeiro wins face-off versus Brandon Sutter in Sabres zone.
6:23 of 3rd period - Andrei Loktionov is hit by Milan Michalek and loses puck.
6:32 of 3rd period - Minor Penalty to Milan Michalek for Holding.
6:33 of 3rd period - Mike Ribeiro wins face-off versus Vincent Lecavalier in Canucks zone.
6:33 of 3rd period - Mike Ribeiro is hit by Vincent Lecavalier.
6:47 of 3rd period - Penalty to Ryan O'Reilly is over, Ryan O'Reilly is back on ice.
7:43 of 3rd period - Ben Lovejoy is hit by Kyle Okposo.
8:13 of 3rd period - Maxim Lapierre is hit by Zach Bogosian and loses puck.
8:32 of 3rd period - Penalty to Milan Michalek is over, Milan Michalek is back on ice.
9:58 of 3rd period - Wrist shot by Patrik Elias.
9:58 of 3rd period - Stopped by Robin Lehner with a rebound.
10:08 of 3rd period - Slapshot by Brandon Sutter.
10:08 of 3rd period - Deflect By Brad Richardson.
10:08 of 3rd period - Stopped by Karri Ramo without a rebound.
10:09 of 3rd period - Matt Stajan wins face-off versus Brandon Sutter in Canucks zone.
10:27 of 3rd period - Off-side.
10:28 of 3rd period - Zack Kassian wins face-off versus Maxim Lapierre in neutral zone.
12:00 of 3rd period - Snap shot by Brandon Sutter.
12:00 of 3rd period - Stopped by Karri Ramo with a rebound.
12:02 of 3rd period - Snap shot by Brad Richardson.
12:02 of 3rd period - Stopped by Karri Ramo without a rebound.
12:03 of 3rd period - Maxim Lapierre wins face-off versus Brandon Sutter in Canucks zone.
12:05 of 3rd period - Icing by Tom Poti.
12:06 of 3rd period - Maxim Lapierre wins face-off versus Vincent Lecavalier in Canucks zone.
12:06 of 3rd period - Maxim Lapierre is hit by Ilya Kovalchuk.
12:30 of 3rd period - Evander Kane is hit by Ryan Hollweg and loses puck.
12:47 of 3rd period - Snap shot by Maxim Lapierre.
12:47 of 3rd period - Stopped by Robin Lehner without a rebound.
12:48 of 3rd period - Mike Ribeiro wins face-off versus Ryan O'Reilly in Sabres zone.
12:55 of 3rd period - Wrist shot by Scottie Upshall.
12:55 of 3rd period - Goal by Scottie Upshall - Canucks : 2 - Sabres : 6.
12:56 of 3rd period - Mike Ribeiro wins face-off versus Vincent Lecavalier in neutral zone.
13:03 of 3rd period - Snap shot by Milan Michalek.
13:03 of 3rd period - Stopped by Robin Lehner with a rebound.
13:31 of 3rd period - Slapshot by Ben Lovejoy.
13:31 of 3rd period - Stopped by Robin Lehner without a rebound.
13:32 of 3rd period - Vincent Lecavalier wins face-off versus Matt Stajan in Sabres zone.
13:48 of 3rd period - Ilya Kovalchuk is hit by Matt Stajan.
14:06 of 3rd period - Wrist shot by Matt Stajan.
14:06 of 3rd period - Shot Misses the Net.
14:08 of 3rd period - Slapshot by Matt Stajan.
14:08 of 3rd period - Shot Misses the Net.
14:36 of 3rd period - Snap shot by Matt Stajan.
14:36 of 3rd period - Goal by Matt Stajan - Canucks : 3 - Sabres : 6.
14:37 of 3rd period - Mike Ribeiro wins face-off versus Andrei Loktionov in neutral zone.
14:40 of 3rd period - Andrei Loktionov is hit by Alex Goligoski.
16:10 of 3rd period - Icing by Jamie McBain.
16:11 of 3rd period - Ryan O'Reilly wins face-off versus Mike Ribeiro in Canucks zone.
16:32 of 3rd period - Snap shot by Clarke MacArthur.
16:32 of 3rd period - Shot Misses the Net.
16:36 of 3rd period - Snap shot by Matt Stajan.
16:36 of 3rd period - Stopped by Robin Lehner without a rebound.
16:37 of 3rd period - Maxim Lapierre wins face-off versus Andrei Loktionov in Sabres zone.
16:54 of 3rd period - Slapshot by Kyle Okposo.
16:54 of 3rd period - Shot Misses the Net.
17:04 of 3rd period - Jared Cowen is hit by Milan Michalek and loses puck.
17:13 of 3rd period - Snap shot by Zack Kassian.
17:13 of 3rd period - Shot Misses the Net.
17:56 of 3rd period - Snap shot by Zach Bogosian.
17:56 of 3rd period - Deflect By Scottie Upshall.
17:56 of 3rd period - Stopped by Karri Ramo without a rebound.
17:57 of 3rd period - Andrei Loktionov wins face-off versus Rene Bourque in Canucks zone.
Goals for this period are 1 for Canucks vs 2 for Sabres.
Shots for this period are 8 for Canucks vs 10 for Sabres.
Back to the Top